 Dungeon Crawl Stone Soup version 0.26.0-57-g60708a5e39 (webtiles) character file.

Game seed: 5010741503262991064

156 kaeus the Insei (level 5, -16/44 HPs)
             Began as a Draconian Transmuter on Feb 1, 2021.
             Killed from afar by Ijyb (17 damage)
             ... with a bolt of acid
             ... on level 3 of the Dungeon.
             The game lasted 00:02:39 (3248 turns).

kaeus the Insei (Draconian Transmuter)              Turns: 3248, Time: 00:02:40

Health: -16/44     AC: -2    Str: 12    XL:     5   Next: 15%
Magic:  6/9        EV: 19    Int: 13    God:
Gold:   189        SH:  0    Dex: 18    Spells: 5/9 levels left

rFire    . . .     SeeInvis .     - Unarmed
rCold    . . .     Faith    .   (shield currently unavailable)
rNeg     . . .     Spirit   .   (armour unavailable)
rPois    x         Reflect  .   (helmet currently unavailable)
rElec    .         Harm     .   (cloak currently unavailable)
rCorr    .         Rampage  .   (gloves currently unavailable)
Will     .....                  (boots currently unavailable)
Stlth    ++........             (no amulet)
HPRegen  0.14/turn              d - ring of flight
MPRegen  0.11/turn              (no ring)

@: spider-form (expiring), corroded
A: tiny, unfitting armour, AC +5
a: End Transformation, Evoke Flight


You were on level 3 of the Dungeon.
You were a venomous arachnid creature.
You visited 1 branch of the dungeon, and saw 3 of its levels.

You collected 189 gold pieces.

Inventory:

Armour
 a - a +0 pair of gloves (melded)
Jewellery
 d - a ring of flight (left front leg)
 j - an uncursed amulet of the acrobat {unknown}
Scrolls
 b - a scroll of teleportation {unknown}
 e - a scroll of amnesia {unknown}
 g - a scroll of fear {unknown}
 h - 4 scrolls of identify {unknown}
Potions
 c - a potion of curing {unknown}
 f - a potion of heal wounds {unknown}
 i - a potion of brilliance {unknown}


   Skills:
 - Level 2.8 Fighting
 - Level 1.7 Dodging
 + Level 3.9 Unarmed Combat
 - Level 2.7 Spellcasting
 - Level 2.8 Transmutations
 - Level 1.5 Poison Magic


You had 5 spell levels left.
You knew the following spells:

 Your Spells              Type           Power        Failure   Level
a - Beastly Appendage     Tmut           18%          19%         1
b - Spider Form           Tmut/Pois      3%           50%         3

Your spell library contained the following spells:

 Spells                   Type           Power        Failure   Level
 Wereblood                Tmut           9%           26%         2
 Ice Form                 Ice/Tmut       5%           91%         4
 Blade Hands              Tmut           4%           97%         5


Dungeon Overview and Level Annotations

Branches:
Dungeon (3/15)

Altars:
Makhleb
Yredelemnul

Annotations:
D:2 1 runed translucent door
D:3 Ijyb


Innate Abilities, Weirdness & Mutations

((Your plain brown scales are hard. (AC +5)))
You cannot fit into any form of body armour.
((You are cold-blooded and may be slowed by cold attacks.))


Message History

* * * LOW HITPOINT WARNING * * *
The adder closely misses you.
You take 3 damage, and have 3/44 hp.
The hobgoblin shouts!
You hit Ijyb but do no damage.
Ijyb looks as sick as possible!
Ijyb is lightly wounded.
Ijyb misses you. The adder barely misses you. Ijyb misses you.
You hit Ijyb.
Ijyb looks as sick as possible!
Ijyb is moderately wounded.
The adder closely misses you. Ijyb closely misses you.
You hit Ijyb.
Ijyb looks as sick as possible!
Ijyb is heavily wounded.
The adder misses you. Ijyb hits you.
* * * LOW HITPOINT WARNING * * *
The adder completely misses you.
You take 2 damage, and have 1/44 hp.
You hit the adder.
The adder is heavily wounded.
Ijyb zaps a wand.
The bolt of acid hits you!
You die...

..#######.##.##
........)))...#....
########.##..#.... .
###.##..#... ..
#....#...... ...
####....#.# #.# ....
).......#.# #.# .....
......#...###.#......
.......#......sg......
########.....S##.#####
#.#...........
#.#>...#r.....
#.##.###....... ..#...
...... ..#.8.# ......
#...# .... ##. ....


You could see Ijyb (fast, extremely poisoned) and an adder.

Vanquished Creatures
  A hound (D:2)
  An orc priest (D:3)
  Jessica (D:3)
  2 adders (D:2)
  3 oozes
  A worm (D:2)
  A leopard gecko (D:2)
  2 orcs (D:3)
  2 giant cockroaches
  5 hobgoblins
  5 bats
  4 frilled lizards
  3 goblins
  A jackal zombie (D:2)
  5 kobolds
  3 rats
40 creatures vanquished.

Vanquished Creatures (others)
  9 plants (D:2)
9 creatures vanquished.

Grand Total: 49 creatures vanquished

Notes
Turn   | Place    | Note
-------+----------+-------------------------------------------
     0 | D:1      | kaeus the Draconian Transmuter began the quest for the Orb.
     0 | D:1      | Reached XP level 1. HP: 16/16 MP: 3/3
   468 | D:1      | Reached XP level 2. HP: 18/24 MP: 3/5
   982 | D:2      | Found a burning altar of Makhleb.
  1001 | D:2      | Reached XP level 3. HP: 6/30 MP: 4/6
  1542 | D:2      | Learned a level 3 spell: Spider Form
  1796 | D:2      | Reached XP level 4. HP: 20/37 MP: 7/7
  2408 | D:2      | Found a runed translucent door.
  2408 | D:2      | Noticed a human
  2411 | D:2      | Found a basalt altar of Yredelemnul.
  2726 | D:3      | Noticed Jessica
  2737 | D:3      | Killed Jessica
  2738 | D:3      | Reached skill level 1 in Poison Magic
  2814 | D:3      | Reached XP level 5. HP: 36/44 MP: 6/9
  3237 | D:3      | Noticed Ijyb
  3247 | D:3      | HP: 1/44 [Ijyb (2)]
  3248 | D:3      | Killed from afar by Ijyb

Illustrated notes

Levels and vault maps discovered:
D:1:      dpeg_arrival_erosion, layout_basic
D:2:      layout_basic, makhleb_blood_cavern_becter, serial_forest,
          infiniplex_forest_lined_room_, infiniplex_forest_clump_medium,
          infiniplex_forest_end_double, infiniplex_forest_clump_medium,
          infiniplex_forest_fountain, infiniplex_forest_straight_4,
          serial_bayou_pond_e, dk_yredelemnul_ordeal
D:3:      layout_basic, elyvilon_altar_1, uniq_jessica, uniq_robin, uniq_ijyb

Skill      XL: |  1  2  3  4 |
---------------+-------------+-----
Fighting       | 2 |  2.8
Poison Magic   | 1 |  1.5
Dodging        | |  1.7
Unarmed Combat | |  3.9
Spellcasting   | |  2.7
Transmutations | |  2.8

Action                   |  1- 3 |  4- 6 || total
-------------------------+-------+-------++-------
Melee: Unarmed           |    79 |    51 ||   130
       Kick              |     9 |     6 ||    15
       Headbutt          |     4 |     5 ||     9
       Tailslap          |     3 |     5 ||     8
       Punch             |     1 |     1 ||     2
 Cast: Beastly Appendage |    14 |     8 ||    22
       Spider Form       |       |     3 ||     3
 Stab: Sleeping          |       |     1 ||     1
Armor: Skin              |    18 |    16 ||    34
Dodge: Dodged            |    41 |    51 ||    92
